 Dungeon Crawl Stone Soup version 0.25-a0-1036-g6f112fb28d (webtiles) character file.

Game seed: 8106962190879938257, levelgen mode: deterministic

30081 Maedhros the Martial Artist (level 13, -1/88 HPs)
             Began as an Octopode Artificer on May 13, 2020.
             Was the Champion of Cheibriados.
             Slain by a death yak (29 damage)
             ... on level 6 of the Lair of Beasts.
             The game lasted 00:42:59 (6273 turns).

Maedhros the Martial Artist (Octopode Artificer)    Turns: 6273, Time: 00:43:00

Health: -1/88      AC:  4    Str: 30    XL:     13   Next: 49%
Magic:  11/25      EV: 27    Int: 35    God:    Cheibriados [******]
Gold:   1098       SH:  0    Dex: 32    Spells: 8/28 levels left

rFire    x . .     SeeInvis .     - Unarmed
rCold    + . .     Gourm    .   (no shield)
rNeg     . . .     Faith    .   (helmet restricted)
rPois    +         Spirit   .   y - amulet of the acrobat
rElec    .         Reflect  .   o - ring of poison resistance
rCorr    .         Harm     .   u - +2 ring of evasion
MR       .....                  B - +2 ring of strength
Stlth    +++++.....             F - +3 ring of protection
HPRegen  0.24/turn              O - +6 ring of intelligence
MPRegen  0.19/turn              W - ring of ice
                                M - ring of wizardry
                                U - +2 ring of strength

@: very slow
A: almost no armour, stealthy swim, amphibious, 8 rings, constrict 8, camouflage
1, gelatinous body 1
a: Bend Time, Temporal Distortion, Slouch, Step From Time, Renounce Religion


You were on level 6 of the Lair of Beasts.
You worshipped Cheibriados.
Cheibriados was exalted by your worship.
You were not hungry.

You visited 3 branches of the dungeon, and saw 18 of its levels.
You also visited: Sewer.

You collected 1098 gold pieces.

Inventory:

Hand Weapons
 a - a +0 short sword
 t - a +2 spear of venom
Missiles
 b - 344 stones
 h - 7 poisoned darts (quivered)
 p - 6 curare-tipped darts
 A - 2 javelins
 J - 2 silver javelins
 T - a throwing net
Magical Staves
 z - an uncursed staff of poison {unknown}
 D - an uncursed staff of death {unknown}
Jewellery
 o - a ring of poison resistance (left tentacle)
 u - a +2 ring of evasion (right tentacle)
 y - an amulet of the acrobat (around mantle)
 B - a +2 ring of strength (on tentacle)
 F - a +3 ring of protection (on tentacle)
 M - a ring of wizardry (on tentacle)
 O - a +6 ring of intelligence (on tentacle)
 U - a +2 ring of strength (on tentacle)
 W - a ring of ice (on tentacle)
Wands
 j - a wand of polymorph (27)
 k - a wand of digging (6)
 l - a wand of iceblast (9)
 v - a wand of flame (29)
 L - a wand of disintegration (15)
 N - a wand of paralysis (13)
 S - a wand of acid (5)
Scrolls
 d - 2 scrolls of holy word {unknown}
 g - 4 scrolls of blinking {unknown}
 m - 4 scrolls of teleportation
 q - 2 scrolls of enchant weapon {unknown}
 r - 2 scrolls of random uselessness {unknown}
 s - 2 scrolls of fear {unknown}
 w - a scroll of magic mapping
 x - a scroll of remove curse
 C - a scroll of amnesia
 E - 2 scrolls of immolation {unknown}
 G - a scroll of noise {unknown}
 I - 2 scrolls of fog {unknown}
 K - a scroll of brand weapon {unknown}
 Q - 2 scrolls of vulnerability {unknown}
 R - a scroll of enchant armour
Potions
 c - 4 potions of stabbing
 e - 4 potions of might
 i - 5 potions of flight
 n - 2 potions of ambrosia
 H - 3 potions of heal wounds
 P - 7 potions of curing
 X - a potion of brilliance {unknown}
Comestibles
 f - 18 rations


   Skills:
 + Level 8.1 Fighting
 - Level 1.0 Short Blades
 + Level 10.0 Dodging
 - Level 4.0 Stealth
 + Level 11.1 Unarmed Combat
 - Level 8.0 Spellcasting
 - Level 3.0 Charms
 - Level 6.0 Summonings
 - Level 3.0 Translocations
 - Level 3.0 Ice Magic
 - Level 6.0 Air Magic
 - Level 7.5 Invocations
 - Level 3.2 Evocations


You had 8 spell levels left.
You knew the following spells:

 Your Spells              Type           Power        Failure   Level  Hunger
a - Summon Lightning Spi  Summ/Air       ######..     1%          4    None
b - Call Imp              Summ           ######..     1%          2    None
c - Ozocubu's Armour      Chrm/Ice       ######..     1%          3    None
d - Animate Skeleton      Necr           N/A          1%          1    None
e - Apportation           Tloc           #####.       1%          1    None
f - Summon Ice Beast      Ice/Summ       ######..     1%          4    None
g - Metabolic Englaciati  Hex/Ice        #####.....   17%         5    ###....

Your spell library contained the following spells:

 Spells                   Type           Power        Failure   Level  Hunger
 Corona                   Hex            ##.....      1%          1    None
 Freeze                   Ice            ####         1%          1    None
 Summon Small Mammal      Summ           ####         1%          1    None
 Call Canine Familiar     Summ           ######..     1%          3    None
 Frozen Ramparts          Ice            ######       1%          3    None
 Gell's Gravitas          Tloc           #####.....   1%          3    None
 Summon Guardian Golem    Hex/Summ       #####...     1%          3    None
 Confusing Touch          Hex            ##......     3%          3    None
 Hailstorm                Conj/Ice       #####...     6%          4    None
 Petrify                  Tmut/Erth      ##......     12%         4    None
 Yara's Violent Unravell  Hex/Tmut       ##........   32%         5    ###....


Dungeon Overview and Level Annotations

Branches:
Dungeon (11/15)            Temple (1/1) D:4            Lair (5/6) D:10
 Spider (0/4) Lair:3          Orc (0/2) D:11          Sewer (visited)
  Swamp: Lair:2-4    Shoals: Lair:2-4     Slime: Lair:5-6

Altars:
Cheibriados
Dithmenos
Elyvilon
Fedhas
Gozag
Hepliaklqana
Kikubaaqudgha
Nemelex Xobeh
Okawaru
Qazlal
Ru
Sif Muna
Trog
Uskayaw
Vehumet
Wu Jian
Yredelemnul
Zin
The Shining One
Beogh

Shops:
D:9 *

Annotations:
Lair:2 exclusion: catoblepas
Lair:4 exclusion: 4 oklob plants


Innate Abilities, Weirdness & Mutations

You cannot wear most types of armour.
You are very stealthy in the water. (Stealth+)
You are amphibious.
You can wear up to eight rings at the same time.
You can use your tentacles to constrict eight enemies at once.
Your skin changes colour to match your surroundings (Stealth+).
Your rubbery body absorbs attacks. (AC +1, EV +1)


Message History

Your ice beast hits the death yak.
Your ice beast freezes the death yak!!
Your ice beast hits the death yak.
Your ice beast freezes the death yak!
Unknown command.
Unknown command.
Evoke which item? (* to show all) (? for menu, Esc to quit)
Aiming: Corrosive Bolt
Press: ? - help, Shift-Dir - straight line, f/p - death yak
Aim: a death yak (moderately wounded)
The bolt of acid hits the death yak!
The death yak is splashed with acid.
The death yak is almost dead.
The bolt of acid hits the death yak!
The death yak is splashed with acid!
The death yak seems to be corroded for longer.
The death yak is almost dead.
The bolt of acid hits the death yak!
The death yak is splashed with acid!
The acid corrodes the death yak!
The death yak is moderately wounded.
The death yak gores your ice beast.
The death yak closely misses your ice beast.
The death yak gores you!!
You die...

........###
..PP......#
#P##.#....#### ##
##.#....#.#
#.##.....##### ##
#......#..# ##
##.PP.....###
.#####.....(..^P.#
.#.##P....P...§§@##
....##...##....YYY##
.P"#.....####.PPYY.###
.PP.÷.#.### ##P.Y..^.#
..##......# ##.....##
.###÷....## #.....#
##.......# #....##
#.......## #....P#
.....P...# .....##


You could see 4 death yaks and 2 friendly ice beasts.

Vanquished Creatures
  2 hydras (Lair:2)
  A two-headed ogre (D:8)
  5 death yaks (Lair:6)
  An orb spider (D:8)
  A wolf spider (Lair:6)
  An ugly thing (D:11)
  A cyclops (D:11)
  2 elephants
  Maurice (D:8)
  3 black mambas
  A guardian serpent (Lair:6)
  2 rime drakes
  7 spiny frogs
  A komodo dragon (Lair:2)
  A queen bee (Lair:3)
  A troll (D:10)
  A hornet (Lair:6)
  7 blink frogs (Lair:3)
  3 hippogriffs
  5 redbacks (Lair:6)
  2 wraiths
  19 yaks
  5 wyverns
  2 basilisks
  Grum (D:8)
  4 ice beasts
  2 hungry ghosts
  5 centaurs
  A vampire mosquito (D:8)
  Duvessa (D:6)
  13 water moccasins
  A porcupine (Lair:2)
  4 orc warriors
  2 sky beasts
  3 necrophages
  A black bear (D:8)
  9 wolves
  7 crocodiles
  4 big kobolds
  8 bullfrogs
  2 wyvern zombies (D:6)
  Dowan (D:6)
  A water moccasin zombie (D:10)
  2 scorpions
  31 killer bees
  A howler monkey (D:4)
  2 electric eels (Lair:1)
  A crimson imp (D:11)
  5 jellies
  A quasit (D:10)
  7 hounds
  8 orc wizards
  2 orc priests (D:11)
  5 worker ants
  3 iguanas
  A killer bee zombie (D:9)
  3 hound skeletons
  A howler monkey zombie (D:5)
  7 adders
  3 river rats
  3 shadow imps
  An ooze (D:1)
  An adder skeleton (D:3)
  7 worms
  4 dart slugs (D:1)
  5 leopard geckos
  14 orcs
  6 bats
  4 giant cockroaches
  5 goblins
  5 hobgoblins
  11 jackals
  3 quokkas
  3 frilled lizards
  12 kobolds
  2 quokka zombies (D:6)
  10 rats
  2 plants (Lair:6)
326 creatures vanquished.

Vanquished Creatures (collateral kills)
  A hydra (Lair:5)
  2 death yaks (Lair:6)
  A wolf spider (Lair:6)
  An ugly thing (D:11)
  3 spiny frogs (Lair:6)
  3 komodo dragons
  2 blink frogs (Lair:3)
  A hippogriff (Lair:5)
  A yak (Lair:4)
  4 wyverns (Lair:6)
  2 water moccasins
  3 porcupines
  2 crocodiles
  A scorpion (D:6)
  A howler monkey (D:6)
  A crimson imp (D:6)
  A worker ant (D:6)
  2 river rats (Sewer)
  2 orcs (D:4)
  A rat (Sewer)
  A fungus (Lair:6)
  3 plants (Lair:6)
39 creatures vanquished.

Vanquished Creatures (others)
  A black bear (D:6)
  An ice beast (D:6)
  A centaur (D:5)
  A jelly (D:6)
  An orc priest (D:4)
  10 fungi
  6 plants
21 creatures vanquished.

Grand Total: 386 creatures vanquished

Notes
Turn   | Place    | Note
-------+----------+-------------------------------------------
     0 | D:1      | Maedhros the Octopode Artificer began the quest for the
                  | Orb.
     0 | D:1      | Reached XP level 1. HP: 13/13 MP: 3/3
    35 | D:2      | You fall into a shaft and drop 2 floors!
    35 | D:4      | Found a staircase to the Ecumenical Temple.
    42 | Temple   | Entered the Ecumenical Temple
    51 | Temple   | Became a worshipper of Cheibriados the Contemplative
    95 | D:4      | Noticed an orc priest
    98 | D:4      | Noticed an orc wizard
   107 | D:4      | Reached XP level 2. HP: 18/18 MP: 4/4
   111 | D:4      | Reached skill level 1 in Unarmed Combat
   111 | D:4      | Reached XP level 3. HP: 23/23 MP: 5/5
   247 | D:4      | Reached skill level 2 in Unarmed Combat
   264 | D:4      | Reached XP level 4. HP: 11/28 MP: 6/6
   282 | D:4      | Found a glowing drain.
   287 | Sewer    | Entered a sewer
   377 | Sewer    | Noticed a big kobold
   387 | Sewer    | Killed a big kobold
   387 | Sewer    | Reached skill level 4 in Unarmed Combat
   387 | Sewer    | Reached XP level 5. HP: 20/33 MP: 7/7
   428 | Sewer    | Found a white marble altar of Elyvilon.
   590 | D:4      | Reached * piety under Cheibriados
   590 | D:4      | Reached XP level 6. HP: 25/38 MP: 8/8
   666 | D:4      | Reached skill level 5 in Unarmed Combat
   807 | D:2      | Found a bloodstained altar of Trog.
   967 | D:1      | Reached ** piety under Cheibriados
  1412 | D:5      | Entered Level 5 of the Dungeon
  1427 | D:5      | Found an ornate altar of the Wu Jian Council.
  1520 | D:5      | Killed a centaur
  1520 | D:5      | Reached skill level 6 in Unarmed Combat
  1523 | D:5      | Reached XP level 7. HP: 25/43 MP: 9/9
  1798 | D:6      | Found a sand-covered staircase.
  1811 | D:6      | Reached *** piety under Cheibriados
  1855 | D:6      | Reached skill level 7 in Unarmed Combat
  1862 | D:6      | Noticed Duvessa
  1870 | D:6      | Killed an ice beast
  1882 | D:6      | Reached XP level 8. HP: 50/51 MP: 10/10
  1883 | D:6      | Killed Duvessa
  1911 | D:6      | Noticed Dowan
  1919 | D:6      | Killed Dowan
  1919 | D:6      | Reached skill level 8 in Unarmed Combat
  2292 | D:7      | You fall into a shaft and drop 3 floors!
  2292 | D:10     | Entered Level 10 of the Dungeon
  2304 | D:10     | Noticed a troll
  2384 | D:9      | Reached **** piety under Cheibriados
  2449 | D:9      | Found Ruwu Dabitro's Assorted Antiques.
  2544 | D:8      | Noticed Maurice
  2547 | D:8      | Noticed Grum
  2552 | D:8      | Reached skill level 9 in Unarmed Combat
  2552 | D:8      | Reached XP level 9. HP: 44/58 MP: 11/11
  2552 | D:8      | Killed Maurice
  2552 | D:8      | Reached skill level 5 in Dodging
  2559 | D:8      | Killed Grum
  2667 | D:8      | Reached skill level 5 in Fighting
  2684 | D:8      | Reached skill level 10 in Unarmed Combat
  2689 | D:8      | Noticed a two-headed ogre
  2696 | D:8      | Killed a two-headed ogre
  2758 | D:8      | Reached XP level 10. HP: 67/67 MP: 12/12
  2818 | D:8      | Noticed a gargoyle
  2848 | D:8      | Reached skill level 11 in Unarmed Combat
  2858 | D:8      | Learned a level 4 spell: Summon Lightning Spire
  2861 | D:8      | Learned a level 2 spell: Call Imp
  2904 | D:8      | Noticed an orb spider
  2904 | D:8      | an orc warrior changed into an orb spider
  2913 | D:8      | Reached skill level 1 in Summonings
  2916 | D:8      | Reached skill level 1 in Air Magic
  2919 | D:8      | Killed an orb spider
  3278 | D:7      | Reached ***** piety under Cheibriados
  3396 | D:7      | Found a radiant altar of Vehumet.
  3577 | D:8      | Reached skill level 1 in Invocations
  3777 | D:9      | Found a glowing golden altar of the Shining One.
  3934 | D:11     | Found a staircase to the Orcish Mines.
  3948 | D:11     | Found a roughly hewn altar of Beogh.
  3961 | D:11     | Reached XP level 11. HP: 33/73 MP: 7/13
  3997 | D:11     | Noticed a cyclops
  4009 | D:11     | Killed a cyclops
  4094 | D:11     | Noticed a purple ugly thing
  4096 | D:11     | Noticed a purple ugly thing
  4106 | D:11     | Killed a white ugly thing
  4112 | D:11     | Killed a purple ugly thing
  4376 | D:10     | Found a staircase to the Lair.
  4391 | Lair:1   | Entered Level 1 of the Lair of Beasts
  4402 | Lair:1   | Reached skill level 5 in Air Magic
  4425 | Lair:1   | Reached skill level 5 in Summonings
  4457 | Lair:1   | Learned a level 3 spell: Ozocubu's Armour
  4508 | Lair:1   | Reached skill level 1 in Charms
  4508 | Lair:1   | Reached skill level 1 in Ice Magic
  4508 | Lair:1   | Reached skill level 5 in Invocations
  4623 | Lair:1   | Learned a level 1 spell: Animate Skeleton
  4631 | Lair:2   | Noticed a seven-headed hydra
  4632 | Lair:2   | Noticed a five-headed hydra
  4637 | Lair:2   | Killed a seven-headed hydra
  4637 | Lair:2   | Killed a five-headed hydra
  4637 | Lair:2   | Reached skill level 1 in Spellcasting
  4720 | Lair:1   | Reached XP level 12. HP: 50/80 MP: 13/16
  4830 | Lair:2   | Noticed a catoblepas
  5266 | Lair:3   | Reached ****** piety under Cheibriados
  5273 | Lair:3   | Learned a level 1 spell: Apportation
  5278 | Lair:3   | Learned a level 4 spell: Summon Ice Beast
  5327 | Lair:3   | Found a hole to the Spider Nest.
  5598 | Lair:4   | Reached skill level 1 in Translocations
  5699 | Lair:3   | Learned a level 5 spell: Metabolic Englaciation
  5831 | Lair:5   | Noticed a seven-headed hydra
  5839 | Lair:5   | Killed a seven-headed hydra
  5839 | Lair:5   | Reached skill level 5 in Spellcasting
  5976 | Lair:5   | You fall into a shaft and drop 1 floor!
  5976 | Lair:6   | Entered Level 6 of the Lair of Beasts
  6005 | Lair:6   | Reached XP level 13. HP: 54/87 MP: 8/21
  6269 | Lair:6   | Reached skill level 10 in Dodging
  6273 | Lair:6   | Slain by a death yak

Illustrated notes

Levels and vault maps discovered:
D:1:      dpeg_arrival_prison, layout_basic, nrook_loot_triangle
D:2:      layout_rooms, first_ration, serial_corexii_hall,
          corexii_hall_statues_s, chequers_hall_statues_corner_a,
          amethyst_killhole, bloody_trog
D:3:      layout_basic
D:4:      layout_basic, minmay_temple_entry_antechambers,
          lightli_sewer_entry_pipes, minmay_liquid_box, minmay_checkerbox
D:5:      layout_loops_ring, kennysheep_mini, minmay_fractal_squares_gapless_5
D:6:      layout_loops_ring, enter_ossuary_4, serial_bayou_pond_b, uniq_duvessa
D:7:      kennysheep_steamy, layout_basic, vehumet_altar_wand_db
D:8:      minmay_the_grid_plus_closed [minmay_the_grid_minigrid_small,
          minmay_the_grid_square_x, minmay_the_grid_minigrid_small_alt,
          minmay_the_grid_outer_circle, minmay_the_grid_prize_inner_circle],
          layout_cave_pods, uniq_grum, uniq_maurice
D:9:      layout_roguey, serial_shops, nicolae_shop_waterfront, basic_altar
D:10:     layout_loops_corners, lair_entry_dummy
D:11:     layout_rooms, minmay_orc_entry_temple_small
Temple:   dpeg_three_leaves_temple
Lair:1:   layout_small_grid, dpeg_stationary_puzzle, serial_bayou_shore_b,
          serial_bayou_shore_b
Lair:2:   layout_long_grid, grunt_megastairs_4
Lair:3:   layout_roguey, elwin_shoals_entry_stream, dummy_spider_entry,
          special_room [special_room_bee]
Lair:4:   layout_concentric_octagons, serial_forest,
          infiniplex_forest_clump_long, infiniplex_forest_lined_4_way,
          infiniplex_forest_clump_long, infiniplex_forest_lined_ring,
          infiniplex_forest_end_1, minmay_lair_oklob_chamber
Lair:5:   layout_regular_city, kilobyte_rumbling_trees
Lair:6:   hangedman_lair_tendril_chambers, layout_concentric_octagons,
          minmay_slime_entry_oklob_open, chequers_serial_rivers_room_b,
          infiniplex_staircase_pool

Skill      XL: |  1  2  3  4  5  6  7  8  9 10 11 12 13 |
---------------+----------------------------------------+-----
Stealth        | 2 4 |  4.0
Unarmed Combat | 1 2 4 6 7 9 10 11 | 11.1
Fighting       | 2 4 5 6 7 8 |  8.1
Dodging        | 3 4 6 7 9 10 | 10.0
Summonings     | 3 5 6 |  6.0
Air Magic      | 3 5 6 |  6.0
Invocations    | 3 5 7 |  7.5
Charms         | 2 3 |  3.0
Ice Magic      | 2 3 |  3.0
Spellcasting   | 1 5 8 |  8.0
Translocations | 2 3 |  3.0
Short Blades   | |  1.0
Evocations     | |  3.2

Action                   |  1- 3 |  4- 6 |  7- 9 | 10-12 | 13-15 || total
-------------------------+-------+-------+-------+-------+-------++-------
Melee: Short sword       |    12 |    37 |       |       |       ||    49
       Constrict         |     4 |    33 |    19 |    69 |    14 ||   139
       Tentacles         |     3 |    29 |    19 |   147 |    21 ||   219
       Unarmed           |       |    64 |   109 |   383 |    60 ||   616
       Punch             |       |     6 |     7 |    68 |    12 ||    93
Throw: Dart              |       |     2 |     2 |     3 |       ||     7
       Stone             |       |       |     1 |     2 |       ||     3
 Cast: Summon Lightning  |       |       |       |    16 |    10 ||    26
       Ozocubu's Armour  |       |       |       |     4 |       ||     4
       Apportation       |       |       |       |    46 |    12 ||    58
       Summon Ice Beast  |       |       |       |     5 |     2 ||     7
       Call Imp          |       |       |       |     2 |       ||     2
       Animate Skeleton  |       |       |       |     1 |     1 ||     2
Invok: Slouch            |       |       |     1 |     4 |     2 ||     7
Evoke: Wand              |     8 |    14 |    12 |    23 |    13 ||    70
  Use: Potion            |       |     4 |     3 |     5 |     1 ||    13
       Scroll            |       |     4 |     1 |     7 |     2 ||    14
 Stab: Sleeping          |     1 |    10 |     9 |    16 |       ||    36
       Distracted        |       |     1 |       |     6 |     1 ||     8
  Eat: Chunk             |       |     1 |     2 |    11 |     2 ||    16
Armor: Skin              |       |     8 |    24 |    30 |     5 ||    67
Dodge: Dodged            |     8 |    81 |    71 |   328 |   104 ||   592

Table legend:
 A = Non-vault XP
 B = Vault XP
 C = Vault XP percentage of total XP
 D = Non-vault monster count
 E = Vault monster count
 F = Vault count percentage of total count
                 A         B        C        D         E       F
            +---------+---------+-------+---------+---------+-------
      Total |   30340 |   12633 |  29.4 |     236 |     123 |  34.3
            +---------+---------+-------+---------+---------+-------
        D:1 |      50 |       0 |   0.0 |      23 |       0 |   0.0
        D:2 |      33 |       0 |   0.0 |      12 |       0 |   0.0
        D:3 |      37 |       0 |   0.0 |       9 |       0 |   0.0
        D:4 |     169 |      35 |  17.2 |       9 |       8 |  47.1
        D:5 |      80 |     169 |  67.9 |       6 |       4 |  40.0
        D:6 |     581 |     382 |  39.7 |       9 |       8 |  47.1
        D:7 |     461 |     172 |  27.2 |      13 |       3 |  18.8
        D:8 |    2559 |    2191 |  46.1 |      17 |      21 |  55.3
        D:9 |    1084 |       0 |   0.0 |      16 |       0 |   0.0
       D:10 |     554 |       0 |   0.0 |       8 |       0 |   0.0
       D:11 |    2999 |     517 |  14.7 |      22 |      14 |  38.9
     Lair:1 |    4963 |     104 |   2.1 |      24 |       2 |   7.7
     Lair:2 |    3240 |    1152 |  26.2 |      12 |       2 |  14.3
     Lair:3 |    3587 |    1842 |  33.9 |      19 |      26 |  57.8
     Lair:4 |    1622 |     486 |  23.1 |      11 |       1 |   8.3
     Lair:5 |    1401 |       0 |   0.0 |       6 |       0 |   0.0
     Lair:6 |    6920 |    5452 |  44.1 |      20 |      24 |  54.5
      Sewer |       0 |     131 | 100.0 |       0 |      10 | 100.0
            +---------+---------+-------+---------+---------+-------
